[Event "Titled Tuesday Blitz May 2 Late 2023"]
[White "Stearman, Josiah"]
[Black "Fernandez Siles, Luis"]
[WhiteFideId "2062496"]
[BlackFideId "2209420"]
[WhiteElo "2393"]
[BlackElo "2195"]
[Result "1-0"]
[Round "01"]
[TimeControl "180+2"]
[Date "2023.05.02"]
[WhiteClock "0:00:20"]
[BlackClock "0:00:03"]

1. e4 c5 2. Nc3 Nc6 3. g3 g6 4. Bg2 Bg7 5. d3 d6 6. Be3 Rb8 7. Qd2 Nd4 8. Nd1 b5 9. c3 Nc6 10. Ne2 a5 11. d4 cxd4 12. cxd4 e5 13. Rc1 Bb7 14. O-O Nf6 15. h3 O-O 16. Ndc3 b4 17. Nd5 Nxd5 18. exd5 Nxd4 19. Nxd4 exd4 20. Bxd4 Re8 21. Bxg7 Kxg7 22. Qd4+ Qf6 23. Qa7 Qd8 24. Rfe1 Qg5 25. Qxa5 Qd2 26. Rf1 Qxb2 27. Rb1 Qa3 28. Qxb4 Qxa2 29. Qxd6 Rbd8 30. Qc5 Bxd5 31. Qc3+ Kg8 32. Bxd5 Qxd5 33. Rfe1 h5 34. Kh2 Rxe1 35. Rxe1 Qd2 36. Re8+ Rxe8 37. Qxd2 Re6 38. Qd8+ Kg7 39. h4 1-0


[Site "https://www.chess.com"]

[Event "Titled Tuesday Blitz May 2 Late 2023"]
[White "Ankerst, Mihael"]
[Black "Mihajlov, Sebastian"]
[WhiteFideId "14602369"]
[BlackFideId "1512110"]
[WhiteElo "2370"]
[BlackElo "2478"]
[Result "0-1"]
[Round "01"]
[TimeControl "180+2"]
[Date "2023.05.02"]
[WhiteClock "0:00:16"]
[BlackClock "0:00:34"]

1. e4 e6 2. d4 d5 3. Nc3 Nf6 4. e5 Nfd7 5. f4 c5 6. Nf3 Nc6 7. Be3 h6 8. Ne2 cxd4 9. Nexd4 Bc5 10. c3 a6 11. Bd3 b5 12. a3 Qc7 13. O-O Bb7 14. Kh1 Be7 15. Rc1 Nc5 16. Bc2 Ne4 17. Nxc6 Bxc6 18. Nd4 Bb7 19. Qg4 g6 20. Bd3 h5 21. Qe2 Qd7 22. Kg1 Rc8 23. Rf3 Bc5 24. Rcf1 Qe7 25. Rh3 O-O 26. Kh1 Kg7 27. f5 exf5 28. Rxf5 Bxd4 29. Bxd4 gxf5 30. Qxh5 Rh8 31. e6+ f6 32. Qxf5 Rxh3 33. Qg4+ Kf8 34. Qxh3 Qg7 35. Qh5 Ke7 36. g4 Rh8 37. Qf5 Ng3+ 0-1


[Site "https://www.chess.com"]

[Event "Titled Tuesday Blitz May 2 Late 2023"]
[White "Guerra Tulcan, Lenin"]
[Black "Roux, Baptiste"]
[WhiteFideId "3601382"]
[BlackFideId "36017450"]
[WhiteElo "2368"]
[BlackElo "2077"]
[Result "0-1"]
[Round "01"]
[TimeControl "180+2"]
[Date "2023.05.02"]
[WhiteClock "0:00:00"]
[BlackClock "0:00:00"]

1. e4 c6 2. Nf3 d5 3. exd5 cxd5 4. Ne5 Nc6 5. Bb5 Qb6 6. Bxc6+ bxc6 7. O-O Nf6 8. Re1 Bf5 9. b3 e6 10. Bb2 Bd6 11. Nc3 O-O 12. Na4 Qc7 13. d4 c5 14. dxc5 Bxc5 15. Nxc5 Qxc5 16. Bd4 Qxc2 17. Qf3 Ne4 18. Rec1 Qd2 19. Rd1 Qb4 20. Nc6 Qd6 21. Rac1 Rfc8 22. Nxa7 Rxc1 23. Rxc1 Qa6 24. a4 f6 25. Nb5 Rc8 26. Qd1 e5 27. Bb2 d4 28. f3 Nc5 29. Bxd4 exd4 30. Qxd4 Qe6 31. b4 Nd3 32. Rxc8+ Qxc8 33. Qd5+ Kh8 34. h3 Qc1+ 35. Kh2 Qf4+ 36. Kg1 Qe3+ 37. Kh2 Qf4+ 38. Kg1 h5 39. Nd4 Qe3+ 40. Kh2 Qf4+ 41. Kg1 Bg6 42. Ne6 Qe3+ 43. Kh1 Nf4 44. Nxf4 Qxf4 45. b5 Qxa4 46. b6 Qa1+ 47. Kh2 Qb2 48. b7 Kh7 49. Qd6 Qxb7 50. h4 Bf5 51. Qf4 Qd7 52. Kg1 Bg6 53. g3 Qd1+ 54. Kg2 Qc2+ 55. Kg1 Qf5 56. Qe3 Qd5 57. Kg2 Bc2 58. Kh2 Ba4 59. g4 Bc6 60. Kg3 hxg4 61. fxg4 Qg2+ 62. Kf4 Qh2+ 63. Kf5 Qxh4 64. g5 Qxg5+ 65. Qxg5 fxg5 66. Kxg5 Bd7 67. Kh5 g6+ 68. Kg5 Kg7 69. Kf4 Kf6 70. Kf3 g5 71. Kg3 Kf5 72. Kf2 g4 73. Kg2 Kf4 74. Kf2 g3+ 75. Kg2 Bc6+ 76. Kg1 Kf3 77. Kf1 g2+ 78. Kg1 Bb7 79. Kh2 Kf2 80. Kh3 g1=Q 81. Kh4 Qg6 82. Kh3 Qg3# 0-1


[Site "https://www.chess.com"]

[Event "Titled Tuesday Blitz May 2 Late 2023"]
[White "Silva, Kaua Marques"]
[Black "Prohaszka, Peter"]
[WhiteFideId "22701168"]
[BlackFideId "726265"]
[WhiteElo "2159"]
[BlackElo "2626"]
[Result "0-1"]
[Round "01"]
[TimeControl "180+2"]
[Date "2023.05.02"]
[WhiteClock "0:00:00"]
[BlackClock "0:00:00"]

1. e4 c6 2. d4 d5 3. f3 e6 4. Nc3 Bb4 5. Be3 Ne7 6. Qd2 Nd7 7. O-O-O a5 8. h4 a4 9. a3 Ba5 10. h5 h6 11. g4 b5 12. Nge2 b4 13. axb4 Bxb4 14. Kb1 Qa5 15. Qc1 Nb6 16. Na2 Nc4 17. Ka1 Ba6 18. c3 Bd6 19. e5 Bc7 20. Nf4 Nc8 21. Bd3 Nxe3 22. Qxe3 Nb6 23. Bxa6 Qxa6 24. Nd3 Nc4 25. Qf2 Qb5 26. f4 Bd8 27. f5 Be7 28. f6 gxf6 29. exf6 Bd6 30. Nab4 Na5 31. Kb1 a3 32. bxa3 Nc4 33. Kc2 Qa4+ 34. Kb1 Qb3+ 35. Nb2 Rxa3 36. Qc2 Bxb4 37. cxb4 Ra1+ 0-1


[Site "https://www.chess.com"]

[Event "Titled Tuesday Blitz May 2 Late 2023"]
[White "Jaracz, Pawel"]
[Black "Gatterer, Florian"]
[WhiteFideId "1102222"]
[BlackFideId "811688"]
[WhiteElo "2438"]
[BlackElo "2221"]
[Result "1-0"]
[Round "01"]
[TimeControl "180+2"]
[Date "2023.05.02"]
[WhiteClock "0:00:00"]
[BlackClock "0:00:00"]

1. d4 d5 2. c4 c6 3. Nf3 Nf6 4. Qc2 g6 5. Bf4 Bg7 6. e3 O-O 7. Nc3 Bf5 8. Qb3 Qb6 9. c5 Qxb3 10. axb3 Nbd7 11. b4 a6 12. h3 Ne4 13. Be2 f6 14. g4 Nxc3 15. bxc3 Be4 16. O-O Bxf3 17. Bxf3 e5 18. Bg3 f5 19. Rfd1 f4 20. exf4 exf4 21. Bh2 g5 22. Be2 Nf6 23. f3 Rfe8 24. Kf1 Re3 25. Rac1 Rae8 26. Rc2 R3e7 27. Bg1 Kf7 28. Bd3 h6 29. Bf2 Rd8 30. Bf5 Ne4 31. fxe4 dxe4 32. Ke2 e3 33. Be1 Bf6 34. Kf3 Ree8 35. h4 Kg7 36. h5 Re7 37. Re2 Rde8 38. Bc2 Rd8 39. Bb3 Red7 40. Be6 Re7 41. Bf5 Ree8 42. Rc2 Re7 43. Ke2 Ree8 44. Rb2 Kf8 45. Rb3 Re7 46. d5 cxd5 47. c4 d4 48. Rbd3 Be5 49. b5 Rc7 50. Bb4 Kg7 51. Ba5 Rcc8 52. Bxc8 Rxc8 53. c6 bxc6 54. b6 c5 55. Kf3 Rb8 56. Rb3 Rb7 57. Ke4 Bd6 58. Rf1 Bf8 59. Kd5 e2 60. Re1 Rd7+ 61. Kc6 Re7 62. b7 Re6+ 63. Kd5 Rd6+ 64. Ke4 Re6+ 65. Kf3 1-0


[Site "https://www.chess.com"]

[Event "Titled Tuesday Blitz May 2 Late 2023"]
[White "Weber, Samuel"]
[Black "Iliaguev, Nisim"]
[WhiteFideId "12924008"]
[BlackFideId "2817276"]
[WhiteElo "2162"]
[BlackElo "2241"]
[Result "0-1"]
[Round "01"]
[TimeControl "180+2"]
[Date "2023.05.02"]
[WhiteClock "0:00:00"]
[BlackClock "0:00:00"]

1. e4 c6 2. d4 d5 3. exd5 cxd5 4. Bd3 Nc6 5. c3 Qc7 6. Nf3 Nf6 7. O-O Bg4 8. Bg5 e6 9. Nbd2 Be7 10. Qb3 O-O 11. Rae1 h6 12. Bh4 Nh5 13. Bxe7 Qxe7 14. Ne5 Nxe5 15. Rxe5 Nf4 16. Bb1 b6 17. f3 Bh5 18. g3 f6 19. Rxh5 Nxh5 20. Bg6 f5 21. Bxh5 Qg5 22. g4 Qxd2 23. Qd1 Qe3+ 24. Kg2 fxg4 25. Bxg4 Rae8 26. Re1 Qg5 27. h4 Qg6 28. h5 Qg5 29. Re5 Rf5 30. Re2 e5 31. dxe5 Rfxe5 32. Rxe5 Qxe5 33. Kh3 Kh8 34. Qd3 Rd8 35. Qg6 Qf6 36. Qd3 d4 37. cxd4 Qxd4 38. Qe2 Qd1 39. Qe7 Qd6 40. Qxa7 Re8 41. Qf7 Qe7 42. Qg6 Qe3 43. Kg3 Qe5+ 44. Kh3 Qe3 45. Kg3 Kg8 0-1


[Site "https://www.chess.com"]

[Event "Titled Tuesday Blitz May 2 Late 2023"]
[White "Wieczorek, Oskar"]
[Black "Seder, Mohammed"]
[WhiteFideId "1133950"]
[BlackFideId "11505567"]
[WhiteElo "2418"]
[BlackElo "1862"]
[Result "0-1"]
[Round "01"]
[TimeControl "180+2"]
[Date "2023.05.02"]
[WhiteClock "0:00:00"]
[BlackClock "0:00:00"]

1. e4 c5 2. Nf3 Nc6 3. b4 cxb4 4. d4 d5 5. exd5 Qxd5 6. c4 bxc3 7. Nxc3 Qh5 8. Nb5 e5 9. Nc7+ Kd8 10. Nxa8 e4 11. Ng5 Bb4+ 12. Bd2 Qxg5 13. d5 Bg4 14. Qc2 e3 15. Bxb4 exf2+ 16. Qxf2 Nxb4 17. Qd2 Qe5+ 18. Kf2 Qxa1 19. Qxb4 Qf6+ 20. Kg3 Bc8 21. Qc5 Ne7 22. Bb5 Nf5+ 23. Kf4 Nd6+ 24. Kg3 Qe5+ 25. Kf3 Qf5+ 26. Ke3 Qe4+ 27. Kd2 Qf4+ 28. Kc2 Qd2+ 29. Kxd2 Ne4+ 30. Kd3 Nxc5+ 31. Kd4 b6 32. Bc6 Bb7 33. Re1 Bxc6 34. dxc6 Ne6+ 35. Kd5 Ke7 36. Nc7 Rd8+ 37. Kc4 Rd4+ 38. Kc3 Rd6 39. Nb5 Rxc6+ 40. Kb4 Rc5 41. Nxa7 f5 42. a4 Kf6 43. Nb5 Nf4 44. a5 Nd3+ 45. Kb3 Nxe1 46. Kb4 Rxb5+ 47. Kxb5 bxa5 48. Kxa5 Nxg2 0-1


[Site "https://www.chess.com"]

[Event "Titled Tuesday Blitz May 2 Late 2023"]
[White "Van Foreest, Machteld"]
[Black "Skvortsov, Andrei"]
[WhiteFideId "1051563"]
[BlackFideId "24108600"]
[WhiteElo "2018"]
[BlackElo "2259"]
[Result "0-1"]
[Round "01"]
[TimeControl "180+2"]
[Date "2023.05.02"]
[WhiteClock "0:00:00"]
[BlackClock "0:00:01"]

1. e4 d5 2. exd5 Qxd5 3. Nc3 Qe5+ 4. Be2 Bg4 5. d4 Bxe2 6. Ngxe2 Qa5 7. Bf4 Nf6 8. O-O e6 9. a3 Nc6 10. b4 Qh5 11. Bxc7 Be7 12. Ng3 Qxd1 13. Raxd1 Rc8 14. Bf4 Nxd4 15. Nce4 Nxe4 16. Nxe4 Nxc2 17. Nd6+ Bxd6 18. Bxd6 Nxa3 19. Be5 f6 20. Bb2 Nb5 21. Rd2 Ke7 22. Rfd1 Rhd8 23. Kf1 Rxd2 24. Rxd2 Rc4 0-1


[Site "https://www.chess.com"]

[Event "Titled Tuesday Blitz May 2 Late 2023"]
[White "Kucuksari, Kaan"]
[Black "Hoffmann, Asa"]
[WhiteFideId "6380166"]
[BlackFideId "2001470"]
[WhiteElo "2364"]
[BlackElo "2117"]
[Result "1/2-1/2"]
[Round "01"]
[TimeControl "180+2"]
[Date "2023.05.02"]
[WhiteClock "0:00:00"]
[BlackClock "0:00:00"]

1. e4 d6 2. d4 Nf6 3. Nc3 c6 4. Nf3 Bg4 5. Bc4 e6 6. O-O d5 7. Bd3 Be7 8. e5 Nfd7 9. Bf4 c5 10. Nb5 O-O 11. c3 Nc6 12. dxc5 Nxc5 13. h3 Nxd3 14. Qxd3 Bf5 15. Qd2 f6 16. Nbd4 fxe5 17. Nxe5 Nxd4 18. cxd4 Bf6 19. Rac1 Rc8 20. Rxc8 Qxc8 21. Rc1 Qd8 22. Qb4 b6 23. Qa3 Bxe5 24. Bxe5 Rf7 25. Rc6 h5 26. Qc3 Qg5 27. Rc8+ Kh7 28. Qg3 Qxg3 29. Bxg3 e5 30. Rd8 exd4 31. Rxd5 d3 32. Be5 Rd7 33. Rxd7 Bxd7 34. Bc3 g5 35. f3 Kg6 36. Kf2 Kf5 37. Ke3 Bb5 38. Bd2 Ke5 39. Be1 Kf5 40. Bg3 Bc4 41. b3 d2 42. Kxd2 Bf1 43. Bb8 Bxg2 44. Bxa7 b5 45. Ke3 Bxh3 46. Kf2 Ke6 47. Be3 g4 48. Kg3 Kd5 49. a4 bxa4 50. bxa4 gxf3 51. Kxh3 Kc6 52. Bf2 Kb7 53. Kg3 Ka6 54. Be1 h4+ 55. Kxf3 h3 56. Kg3 h2 57. Kxh2 Kb7 58. Kg3 Ka8 59. Kf4 Kb7 60. Ke5 Ka8 61. Kd6 Kb7 62. Kd7 Ka8 63. Kc8 Ka7 64. Bf2+ Ka6 65. Be1 Ka7 66. Bd2 Ka8 67. Kc7 Ka7 68. Be3+ Ka8 69. Kb6 Kb8 70. Bf4+ Ka8 71. Bd2 Kb8 72. a5 Ka8 73. Kc7 Ka7 74. Be3+ 1/2-1/2


[Site "https://www.chess.com"]

[Event "Titled Tuesday Blitz May 2 Late 2023"]
[White "Lopez Del Alamo, Antonio"]
[Black "Koellner, Ruben Gideon"]
[WhiteFideId "2227339"]
[BlackFideId "12993093"]
[WhiteElo "2175"]
[BlackElo "2314"]
[Result "0-1"]
[Round "01"]
[TimeControl "180+2"]
[Date "2023.05.02"]
[WhiteClock "0:00:00"]
[BlackClock "0:00:00"]

1. e4 d6 2. d4 Nf6 3. Nc3 e5 4. Nf3 Nbd7 5. Bc4 Be7 6. a4 c6 7. O-O h6 8. Re1 Qc7 9. Bf1 Nf8 10. g3 Ng6 11. Bg2 O-O 12. b3 Be6 13. Bb2 Rad8 14. Qd2 Rfe8 15. Rad1 Bf8 16. h3 a6 17. Kh2 b5 18. axb5 axb5 19. d5 cxd5 20. exd5 Bd7 21. Na2 Ra8 22. Nb4 Rec8 23. Ra1 Rxa1 24. Rxa1 Ne4 25. Qe3 f5 26. Nd2 Nxd2 27. Qxd2 Be7 28. Ra6 Qb7 29. Qd3 Ra8 30. Rxa8+ Qxa8 31. g4 Nf4 32. Qg3 Nxg2 33. Qxg2 Bg5 34. Qf3 Bf4+ 35. Kg2 fxg4 36. hxg4 Qc8 37. Nc6 Kh8 38. Ne7 Qxc2 39. Ng6+ Qxg6 40. Ba3 Qxg4+ 41. Qxg4 Bxg4 42. Bxd6 Bd1 43. b4 Bb3 44. Kf3 Bxd5+ 45. Kg4 Kg8 46. Kf5 Kf7 47. Bxe5 Bxe5 48. Kxe5 Bc4 49. f4 g6 50. f5 gxf5 51. Kxf5 h5 52. Kg5 Be2 0-1


[Site "https://www.chess.com"]

[Event "Titled Tuesday Blitz May 2 Late 2023"]
[White "Sai Krishna G V"]
[Black "Bryant, Todd"]
[WhiteFideId "5028280"]
[BlackFideId "2031299"]
[WhiteElo "2359"]
[BlackElo "2075"]
[Result "1-0"]
[Round "01"]
[TimeControl "180+2"]
[Date "2023.05.02"]
[WhiteClock "0:00:00"]
[BlackClock "0:00:00"]

1. d4 Nf6 2. Nc3 d5 3. Qd3 g6 4. Bg5 Bg7 5. O-O-O O-O 6. e4 dxe4 7. Nxe4 Bf5 8. Bxf6 exf6 9. Qf3 c6 10. g4 Be6 11. h4 Nd7 12. h5 Qa5 13. a3 b5 14. hxg6 hxg6 15. c3 Nb6 16. Nxf6+ 1-0


[Site "https://www.chess.com"]

[Event "Titled Tuesday Blitz May 2 Late 2023"]
[White "Batsiashvili, Nino"]
[Black "Korchmar, Vasiliy"]
[WhiteFideId "13602993"]
[BlackFideId "24131750"]
[WhiteElo "2231"]
[BlackElo "2370"]
[Result "1/2-1/2"]
[Round "01"]
[TimeControl "180+2"]
[Date "2023.05.02"]
[WhiteClock "0:00:00"]
[BlackClock "0:00:00"]

1. d4 d5 2. c4 c6 3. Nf3 Nf6 4. g3 Bf5 5. Bg2 e6 6. O-O Nbd7 7. Nc3 dxc4 8. Nh4 Bg4 9. h3 Bh5 10. b3 cxb3 11. Qxb3 Qb6 12. Rd1 Be7 13. g4 Bg6 14. Nxg6 hxg6 15. e4 O-O 16. Be3 Qxb3 17. axb3 Nb6 18. d5 cxd5 19. exd5 exd5 20. Bxb6 axb6 21. Rxa8 Rxa8 22. Nxd5 Nxd5 23. Bxd5 Ra2 24. Rd3 Kf8 25. Bxb7 Bc5 26. Rf3 g5 27. Bd5 f6 28. Kg2 Rd2 29. Bc4 Ke7 30. Bg8 Rb2 31. Bc4 Kd6 32. Bf7 Ke5 33. Bg8 b5 34. Bf7 b4 35. Bc4 Bd4 36. Bg8 Ke4 37. Bh7+ Ke5 38. Bg8 Kd6 39. Bc4 Kc5 40. Bf7 Be5 41. Bg8 Rd2 42. Bf7 Kd4 43. Bg8 Bf4 44. Bf7 Ra2 45. Bg8 Bd2 46. Be6 Bc3 47. Bf7 Ke5 48. Bg8 Bd4 49. Bf7 Ra7 50. Bc4 Rc7 51. Bg8 Rc8 52. Bf7 Rc6 53. Bg8 g6 54. Bf7 f5 55. gxf5 gxf5 56. Bg8 Rc2 57. Rxf5+ Kxf5 58. Bh7+ Kf4 59. Bxc2 Bc5 60. Bd3 Bd4 61. Bc4 Bc5 62. Bd5 Bd4 63. Bc4 Bc5 64. Bd5 Bd4 65. Bf7 Bc5 66. Bc4 Bd4 67. Bd5 Bc5 1/2-1/2


[Site "https://www.chess.com"]

[Event "Titled Tuesday Blitz May 2 Late 2023"]
[White "Vaglio Munoz, Jaime"]
[Black "Rosen, Eric"]
[WhiteFideId "6500145"]
[BlackFideId "2032562"]
[WhiteElo "2199"]
[BlackElo "2331"]
[Result "0-1"]
[Round "01"]
[TimeControl "180+2"]
[Date "2023.05.02"]
[WhiteClock "0:00:00"]
[BlackClock "0:00:00"]

1. Nf3 d5 2. b3 Nf6 3. c4 dxc4 4. bxc4 e5 5. d3 e4 6. Nfd2 Bc5 7. Nb3 Bd4 8. Nxd4 Qxd4 9. Qa4+ Bd7 10. Qb3 Qxa1 11. Qxb7 O-O 12. Bd2 Bc6 13. Qb3 Qe5 14. Bc3 Qf5 15. d4 e3 16. f3 Nbd7 17. g4 Qg6 18. Qd1 Ba4 19. Qc1 Rab8 20. Na3 Rfe8 21. h4 h5 22. g5 Nh7 23. Bh3 Nhf8 24. O-O Qd6 25. c5 Qg3+ 26. Bg2 Ng6 27. Be1 Qf4 28. Nc4 Nxh4 29. Bxh4 Qxh4 30. Nxe3 Qxg5 31. f4 Qg6 32. f5 Qg5 33. Nd5 Qxc1 34. Rxc1 Rbc8 35. e4 Bc6 36. Nf4 Bxe4 37. Bh3 Nf6 38. d5 Bxd5 39. Bf1 c6 40. Bd3 Re3 41. Kf2 Rf3+ 42. Ke2 Rxf4 43. Rb1 Re8+ 44. Kd2 Rf2+ 45. Kc3 Rf3 46. Kd4 Ree3 47. Rb8+ Kh7 48. Bc2 Rc3 49. Rb2 Rc4+ 50. Ke5 Ne8 51. f6+ g6 52. Bxg6+ Kxg6 53. Rg2+ Kh6 54. Rg8 Re3+ 55. Kf5 Be6# 0-1


[Site "https://www.chess.com"]

[Event "Titled Tuesday Blitz May 2 Late 2023"]
[White "Pantev, Veselin"]
[Black "Fajdetic, Hrvoje"]
[WhiteFideId "2901390"]
[BlackFideId "14501945"]
[WhiteElo "2427"]
[BlackElo "2185"]
[Result "1/2-1/2"]
[Round "01"]
[TimeControl "180+2"]
[Date "2023.05.02"]
[WhiteClock "0:00:00"]
[BlackClock "0:00:00"]

1. d4 e6 2. Nf3 f5 3. g3 Nf6 4. Bg2 Be7 5. c3 O-O 6. Qb3 d5 7. Nbd2 c6 8. Ne5 b6 9. Ndf3 Ba6 10. Nd3 c5 11. Qd1 Ne4 12. O-O Nc6 13. a3 cxd4 14. cxd4 Rc8 15. Qa4 Bb7 16. Nfe5 Na5 17. f3 Nd6 18. Qd1 Ndc4 19. b3 Nxe5 20. Nxe5 Rc3 21. Bd2 Rc7 22. Nd3 Nc6 23. Bc3 Qc8 24. Bb2 Ba6 25. b4 Bc4 26. Qd2 Bf6 27. Ne5 Nxe5 28. dxe5 Be7 29. Bd4 Rc6 30. f4 Qa6 31. Bf3 Rfc8 32. Rfc1 Bb5 33. Rxc6 Rxc6 34. Rc1 Qc8 35. Rxc6 Qxc6 36. Qc3 Qxc3 37. Bxc3 a5 38. g4 g6 39. h3 Kf7 40. Kf2 axb4 41. Bxb4 Bc5+ 42. e3 Ke7 43. h4 fxg4 44. Bxg4 h5 45. Bd1 Bd3 46. Kf3 Kd7 47. Ba4+ Kc7 48. Be8 Bf5 49. Ke2 Kb7 50. Bb5 Kc7 51. Kd2 Kb7 52. Be2 Kc7 53. Bf1 Kc6 54. Be2 Kc7 55. Ba6 Kc6 56. Bf1 Kc7 57. Bg2 Kc6 58. Bf1 Kc7 59. Be2 Kc6 60. Ba6 Kc7 61. Bb5 Kb7 62. Ke2 Kc7 63. Kf3 Kb7 64. Ke2 1/2-1/2


[Site "https://www.chess.com"]

[Event "Titled Tuesday Blitz May 2 Late 2023"]
[White "Pavlidou, Ekaterini"]
[Black "Leiva, Gianmarco"]
[WhiteFideId "4213262"]
[BlackFideId "3804399"]
[WhiteElo "2126"]
[BlackElo "2345"]
[Result "0-1"]
[Round "01"]
[TimeControl "180+2"]
[Date "2023.05.02"]
[WhiteClock "0:00:00"]
[BlackClock "0:00:00"]

1. d4 Nf6 2. c4 e6 3. Nc3 d5 4. cxd5 exd5 5. Bg5 c6 6. e3 h6 7. Bh4 Be7 8. Bd3 O-O 9. Nf3 Re8 10. h3 Ne4 11. Bxe7 Nxc3 12. bxc3 Qxe7 13. O-O Nd7 14. c4 dxc4 15. Bxc4 Nb6 16. Bb3 Be6 17. Bc2 c5 18. Qd3 g6 19. a4 Rac8 20. Rfc1 Bf5 21. Qd2 Qf6 22. Bxf5 Qxf5 23. a5 Nd7 24. Qc3 Nf6 25. dxc5 Ne4 26. Qb4 Nxc5 27. Nd4 Qxf2+ 28. Kxf2 Nd3+ 29. Kf3 Nxb4 30. Rcb1 Nc6 31. Rxb7 Nxd4+ 32. exd4 Rc3+ 33. Kf2 Rc2+ 34. Kg1 Ree2 35. Rxa7 Rxg2+ 36. Kh1 Rh2+ 37. Kg1 Rcg2+ 38. Kf1 Rd2 39. Kg1 Rxh3 40. Ra8+ Kg7 41. a6 Rg3+ 42. Kh1 Rxd4 43. Ra2 Rh4+ 44. Rh2 Ra4 45. Rg2 Rga3 0-1


[Site "https://www.chess.com"]

[Event "Titled Tuesday Blitz May 2 Late 2023"]
[White "Osinenko, Anton"]
[Black "Bogaudinov, Rushan"]
[WhiteFideId "4158970"]
[BlackFideId "4129288"]
[WhiteElo "2294"]
[BlackElo "1967"]
[Result "1-0"]
[Round "01"]
[TimeControl "180+2"]
[Date "2023.05.02"]
[WhiteClock "0:00:00"]
[BlackClock "0:00:00"]

1. e4 c5 2. Nf3 e6 3. c3 d5 4. exd5 Qxd5 5. Na3 a6 6. Nc2 Nf6 7. d4 Nc6 8. h3 Be7 9. Be2 O-O 10. Be3 cxd4 11. Ncxd4 b5 12. Nxc6 Qxc6 13. Ne5 Qc7 14. Bf3 Bb7 15. Bxb7 Qxb7 16. O-O Rfd8 17. Qb3 Qd5 18. Nf3 Rac8 19. Rfd1 Qxb3 20. Rxd8+ Rxd8 21. axb3 Ra8 22. Nd4 b4 23. Nc6 Bf8 24. cxb4 Nd5 25. b5 a5 26. Rxa5 Rxa5 27. Nxa5 Bb4 28. Nc4 Kf8 29. b6 Nxb6 30. Bxb6 Ke7 31. Bd4 f6 32. Bc3 Bc5 33. b4 Ba7 34. b5 e5 35. Ba5 Ke6 36. Bc7 Kd5 37. b6 Bxb6 38. Nxb6+ Kc6 39. Bd8 Kb5 40. f3 Kb4 41. Kf2 Kb3 42. Nd7 Kxb2 43. Nf8 Kc3 44. Nxh7 Kd4 45. Nf8 Kd5 46. Bc7 Kc6 47. Ba5 Kd5 48. Bb4 f5 49. g4 f4 50. h4 e4 51. Bc3 e3+ 52. Ke2 g5 53. h5 Kd6 54. h6 Ke7 55. h7 Kf7 56. h8=Q Ke7 57. Qf6+ Ke8 58. Qg7 Kd8 59. Qd7# 1-0


[Site "https://www.chess.com"]

[Event "Titled Tuesday Blitz May 2 Late 2023"]
[White "Kula, Robert"]
[Black "Djokic, Mihailo"]
[WhiteFideId "1101218"]
[BlackFideId "976440"]
[WhiteElo "2180"]
[BlackElo "2294"]
[Result "0-1"]
[Round "01"]
[TimeControl "180+2"]
[Date "2023.05.02"]
[WhiteClock "0:00:00"]
[BlackClock "0:00:00"]

1. d4 Nf6 2. c4 g6 3. Nc3 Bg7 4. e4 d6 5. Be2 O-O 6. Bg5 Na6 7. Qd2 e5 8. d5 Qe8 9. h4 h5 10. f3 Nh7 11. Be3 f5 12. Nh3 f4 13. Bf2 Bf6 14. a3 Nc5 15. Rb1 Nb3 16. Qd1 Nd4 17. Nb5 Nxb5 18. cxb5 Qe7 19. Ng1 a6 20. Rc1 axb5 21. Bxb5 Rf7 22. Qc2 Bd7 23. Bxd7 Qxd7 24. Ne2 Rc8 25. Qb3 c5 26. dxc6 bxc6 27. Nc3 Kg7 28. Na4 Qb7 29. Nb6 Bd8 30. a4 Rb8 31. a5 Qa6 32. Rxc6 Qxa5+ 33. Ke2 Rfb7 34. Rhc1 Bxb6 35. Bxb6 Rxb6 36. Rc7+ Kh6 37. Qf7 Rxb2+ 38. Kf1 Qb5+ 39. Kg1 Rxg2+ 40. Kxg2 Qe2+ 41. Kg1 Qe3+ 42. Kg2 Qe2+ 43. Kg1 Qe3+ 44. Kh2 Qf2+ 45. Kh1 Qxf3+ 46. Kg1 Qg3+ 47. Kf1 Qf3+ 48. Ke1 Qe3+ 49. Kf1 Qf3+ 50. Ke1 Qxe4+ 51. Kf1 Qd3+ 52. Kg1 Qe3+ 53. Kf1 Qh3+ 54. Ke1 Qxh4+ 55. Kd2 Qf2+ 56. Kd3 Qe3+ 57. Kc2 Qe2+ 58. Kc3 Qb2+ 59. Kd3 Rb3+ 60. Ke4 Qe2+ 61. Kd5 Qd3+ 62. Ke6 Ng5+ 63. Kf6 Nxf7 64. Rxf7 Qf5+ 65. Ke7 Qxf7+ 66. Kxf7 f3 67. Kf6 e4 68. Ke6 f2 69. Kxd6 e3 70. Ke5 e2 71. Kf4 f1=Q+ 72. Rxf1 exf1=Q+ 73. Ke5 Re3+ 74. Kd4 Qf4+ 75. Kd5 Re5+ 76. Kd6 Qf6+ 77. Kd7 Re7+ 78. Kd8 Qf8# 0-1


[Site "https://www.chess.com"]

[Event "Titled Tuesday Blitz May 2 Late 2023"]
[White "Aldokhin, Ivan"]
[Black "Kujawski, Adam"]
[WhiteFideId "24115720"]
[BlackFideId "1100920"]
[WhiteElo "2322"]
[BlackElo "2054"]
[Result "1-0"]
[Round "01"]
[TimeControl "180+2"]
[Date "2023.05.02"]
[WhiteClock "0:00:00"]
[BlackClock "0:00:00"]

1. e4 e5 2. Nf3 Nc6 3. Bb5 a6 4. Ba4 Nf6 5. O-O Be7 6. Re1 b5 7. Bb3 O-O 8. d4 exd4 9. e5 Ne8 10. Bd5 Bb7 11. Nxd4 Rb8 12. Bxc6 dxc6 13. Nc3 g6 14. Qg4 Ng7 15. Bh6 c5 16. Nf3 Bc8 17. Qf4 Ne6 18. Qe3 Re8 19. Rad1 Nd4 20. Nxd4 cxd4 21. Rxd4 Bd6 22. Qd2 Qe7 23. Nd5 Qe6 24. Nf6+ Kh8 25. Nxe8 1-0


[Site "https://www.chess.com"]

[Event "Titled Tuesday Blitz May 2 Late 2023"]
[White "Ocelak, Jakub"]
[Black "Lenaerts, Lennert"]
[WhiteFideId "23707933"]
[BlackFideId "211435"]
[WhiteElo "2044"]
[BlackElo "2334"]
[Result "1-0"]
[Round "01"]
[TimeControl "180+2"]
[Date "2023.05.02"]
[WhiteClock "0:00:00"]
[BlackClock "0:00:00"]

1. b3 e5 2. Bb2 Nc6 3. e3 Nf6 4. Nf3 e4 5. Nd4 Nxd4 6. Bxd4 d5 7. c4 c5 8. Bxf6 Qxf6 9. Nc3 dxc4 10. Bxc4 Qe5 11. Bb5+ Bd7 12. Bxd7+ Kxd7 13. f3 exf3 14. Qxf3 Kc8 15. Qxf7 Bd6 16. Qd5 Rf8 17. Qxe5 Bxe5 18. Rc1 Kd7 19. Ke2 b6 20. g3 Ke6 21. Rhf1 Rxf1 22. Rxf1 h6 23. Ne4 a5 24. a4 Rc8 25. d3 Rb8 26. Rc1 h5 27. Rf1 h4 28. Ng5+ Kd5 29. Rf5 hxg3 30. hxg3 Kd6 31. Nf7+ Ke6 32. Rxe5+ Kxf7 33. d4 Kf6 34. Kd3 Rh8 35. g4 Rh3 36. Kc4 cxd4 37. exd4 Rg3 38. Re4 Kg5 39. d5 Rg1 40. Rd4 Rc1+ 41. Kb5 Rc3 42. Kxb6 Rxb3+ 43. Kxa5 Rd3 44. Rxd3 1-0


[Site "https://www.chess.com"]

[Event "Titled Tuesday Blitz May 2 Late 2023"]
[White "Manon-og, Ramon Jr."]
[Black "Lee, Linden"]
[WhiteFideId "5200776"]
[BlackFideId "30941830"]
[WhiteElo "1999"]
[BlackElo "1985"]
[Result "1-0"]
[Round "01"]
[TimeControl "180+2"]
[Date "2023.05.02"]
[WhiteClock "0:00:00"]
[BlackClock "0:00:00"]

1. e4 c6 2. d4 d5 3. e5 Bf5 4. Nd2 e6 5. Nb3 Nd7 6. Nf3 a6 7. Be2 Ne7 8. O-O h6 9. c4 dxc4 10. Bxc4 b5 11. Bd3 Bxd3 12. Qxd3 Nb6 13. Nc5 Nf5 14. Ne4 Be7 15. g4 Nh4 16. Nxh4 Bxh4 17. Nd6+ Kf8 18. f4 Be7 19. Ne4 c5 20. Be3 Nc4 21. Bf2 Nxb2 22. Qf3 g6 23. f5 gxf5 24. gxf5 Bh4 25. fxe6 Rg8+ 26. Kh1 Rg7 27. Bxh4 Qxh4 28. exf7 cxd4 29. Nf6 Rd8 30. e6 Nc4 31. Qb7 Rg1+ 32. Kxg1 Qg5+ 33. Kh1 Qc5 34. Nd7+ Rxd7 35. exd7 Qd6 36. Qc8+ 1-0


[Site "https://www.chess.com"]

[Event "Titled Tuesday Blitz May 2 Late 2023"]
[White "Carrasco Miranda, Andres"]
[Black "Baskin, Robert"]
[WhiteFideId "3405990"]
[BlackFideId "24662402"]
[WhiteElo "2183"]
[BlackElo "2472"]
[Result "0-1"]
[Round "01"]
[TimeControl "180+2"]
[Date "2023.05.02"]
[WhiteClock "0:00:01"]
[BlackClock "0:00:01"]

1. d4 Nf6 2. c4 e6 3. g3 c5 4. d5 exd5 5. cxd5 d6 6. Nc3 g6 7. Bg2 Bg7 8. Nf3 O-O 9. O-O a6 10. a4 Nbd7 11. Bf4 Qe7 12. Nd2 Nh5 13. e4 Nxf4 14. gxf4 Qh4 15. Qf3 Bh6 16. Ne2 Nf6 17. Qg3 Qh5 18. e5 Qxe2 19. exf6 Qxd2 20. Rfe1 Qxf4 21. Qc3 Bf5 22. Re7 Rfe8 23. Rae1 Rxe7 24. fxe7 Re8 25. Qb3 Qb4 0-1


[Site "https://www.chess.com"]